[ PARTIDA AOE2 · #495402476 ]
UnrankedCoreanos vs Vietnamese
Equipo del jugador · DERR
Equipo rival · VICT
[ ANÁLISIS DE REPETICIÓN · EXTRAÍDO DE LA PARTIDA GRABADA ]
Feudal
11:08
Castillos
25:33
Imperial
—
| APM promedio | 33.8 |
| APM pico | 57 |
| eAPM promedio | 21.3 |
| Aldeanos / militares | 73 / 96 |
Foco
⚔️ 47.8% · 🌾 52.2%
Fire Lancer ×46 · Skirmisher ×22 · Archer ×17 · Battering Ram ×5 · Iron Pagoda ×4 · Militia ×2
Feudal
11:07
Castillos
26:37
Imperial
—
| APM promedio | 71.2 |
| APM pico | 131 |
| eAPM promedio | 26.4 |
| Aldeanos / militares | 93 / 46 |
Foco
⚔️ 42.7% · 🌾 57.3%
Skirmisher ×20 · Archer ×18 · Militia ×3 · Mangonel ×3 · Scorpion ×1 · Spearman ×1
Mapa de la partida
Recursos iniciales + cada clic de construcción. Líneas = muros · curvas = relieve. ◆ oro · ⬟ piedra · ● bayas · ✦ reliquia · ◌ hueco del cierre
Tu base· Abierta — hueco de 4t
Base de maxymczech· Abierta — hueco de 3t
Terreno inicial suavizado · ◌ = hueco del cierre detectado · pasá el cursor para detalles
Inputs por minuto
— Hexi - - maxymczech
Build order — Hexi
Primeras 150 de 207 acciones detectadas
| 0:01 | Crear | Villager (Male) |
| 0:01 | Crear | Villager (Male) |
| 0:02 | Construir | House |
| 0:04 | Construir | House |
| 0:08 | Crear | Villager (Male) |
| 0:11 | Crear | Villager (Male) |
| 1:38 | Crear | Villager (Male) |
| 2:09 | Crear | Villager (Male) |
| 2:09 | Crear | Villager (Male) |
| 2:37 | Crear | Villager (Male) |
| 2:59 | Crear | Villager (Male) |
| 3:03 | Construir | House |
| 3:17 | Crear | Villager (Male) |
| 3:38 | Construir | Lumber Camp |
| 4:02 | Investigar | Loom |
| 4:11 | Crear | Villager (Male) |
| 4:33 | Crear | Villager (Male) |
| 4:38 | Crear | Villager (Male) |
| 4:45 | Crear | Villager (Male) |
| 4:53 | Crear | Villager (Male) |
| 5:05 | Construir | Palisade Wall |
| 5:23 | Crear | Villager (Male) |
| 5:25 | Crear | Villager (Male) |
| 5:35 | Crear | Villager (Male) |
| 5:58 | Crear | Villager (Male) |
| 6:10 | Crear | Villager (Male) |
| 6:28 | Crear | Villager (Male) |
| 6:42 | Crear | Villager (Male) |
| 6:56 | Crear | Villager (Male) |
| 7:13 | Construir | House |
| 7:49 | Crear | Villager (Male) |
| 7:56 | Crear | Villager (Male) |
| 8:26 | Construir | Mill |
| 8:27 | Crear | Villager (Male) |
| 8:44 | Construir | Palisade Wall |
| 8:46 | Construir | Palisade Wall |
| 8:47 | Construir | Palisade Wall |
| 8:58 | Investigar | Feudal Age |
| 9:23 | Construir | Lumber Camp |
| 10:02 | Construir | House |
| 10:27 | Crear | Villager (Male) |
| 10:28 | Crear | Villager (Male) |
| 10:37 | Construir | Barracks |
| 11:08 | Edad | Edad Feudal |
| 11:20 | Construir | Archery Range |
| 11:25 | Investigar | Double-Bit Axe |
| 12:02 | Crear | Archer |
| 12:02 | Crear | Archer |
| 12:03 | Crear | Villager (Male) |
| 12:04 | Crear | Villager (Male) |
| 12:04 | Crear | Villager (Male) |
| 12:04 | Crear | Villager (Male) |
| 12:18 | Crear | Villager (Male) |
| 12:21 | Construir | Palisade Wall |
| 12:22 | Construir | Palisade Wall |
| 12:24 | Construir | Palisade Wall |
| 12:25 | Crear | Villager (Male) |
| 12:28 | Construir | Watch Tower |
| 12:29 | Crear | Archer |
| 12:30 | Crear | Archer |
| 12:31 | Crear | Skirmisher |
| 12:38 | Construir | Blacksmith |
| 12:51 | Construir | Palisade Wall |
| 12:54 | Crear | Villager (Male) |
| 12:57 | Crear | Skirmisher |
| 13:03 | Construir | House |
| 13:24 | Crear | Villager (Male) |
| 13:28 | Crear | Archer |
| 13:28 | Crear | Archer |
| 13:33 | Investigar | Fletching |
| 13:41 | Crear | Villager (Male) |
| 14:09 | Crear | Archer |
| 14:11 | Crear | Villager (Male) |
| 14:16 | Crear | Archer |
| 14:28 | Crear | Archer |
| 14:29 | Crear | Villager (Male) |
| 14:45 | Crear | Archer |
| 14:55 | Crear | Archer |
| 14:57 | Construir | House |
| 14:58 | Construir | House |
| 14:58 | Construir | House |
| 14:59 | Construir | House |
| 15:05 | Crear | Villager (Male) |
| 15:35 | Crear | Villager (Male) |
| 15:37 | Crear | Archer |
| 15:51 | Crear | Villager (Male) |
| 16:07 | Crear | Archer |
| 16:09 | Crear | Villager (Male) |
| 16:13 | Construir | Farm |
| 16:13 | Construir | Farm |
| 16:13 | Construir | Farm |
| 16:14 | Construir | Farm |
| 16:14 | Construir | Farm |
| 16:14 | Construir | Farm |
| 16:28 | Crear | Archer |
| 16:39 | Investigar | Horse Collar |
| 16:46 | Construir | Farm |
| 17:02 | Construir | Farm |
| 17:08 | Crear | Villager (Male) |
| 17:24 | Construir | Mining Camp |
| 17:32 | Crear | Villager (Male) |
| 17:34 | Crear | Archer |
| 17:41 | Crear | Villager (Male) |
| 17:44 | Crear | Archer |
| 17:53 | Construir | Farm |
| 17:54 | Crear | Villager (Male) |
| 18:06 | Construir | Farm |
| 18:23 | Crear | Villager (Male) |
| 18:24 | Crear | Skirmisher |
| 18:24 | Crear | Skirmisher |
| 18:31 | Construir | Farm |
| 18:43 | Construir | Farm |
| 19:02 | Crear | Skirmisher |
| 19:05 | Crear | Skirmisher |
| 19:06 | Crear | Villager (Male) |
| 19:17 | Construir | Archery Range |
| 19:19 | Crear | Villager (Male) |
| 19:29 | Crear | Skirmisher |
| 19:38 | Crear | Skirmisher |
| 19:40 | Crear | Villager (Male) |
| 19:50 | Crear | Skirmisher |
| 19:50 | Crear | Skirmisher |
| 20:02 | Crear | Skirmisher |
| 20:04 | Crear | Skirmisher |
| 20:05 | Crear | Skirmisher |
| 20:06 | Construir | House |
| 20:07 | Construir | House |
| 20:34 | Crear | Militia |
| 20:34 | Crear | Militia |
| 20:47 | Crear | Skirmisher |
| 20:47 | Crear | Skirmisher |
| 21:06 | Crear | Skirmisher |
| 21:09 | Construir | Market |
| 21:13 | Crear | Skirmisher |
| 21:32 | Crear | Villager (Male) |
| 21:39 | Construir | House |
| 21:43 | Crear | Villager (Male) |
| 22:53 | Investigar | Castle Age |
| 23:27 | Crear | Skirmisher |
| 23:27 | Crear | Skirmisher |
| 24:07 | Crear | Skirmisher |
| 24:45 | Construir | Barracks |
| 25:04 | Crear | Villager (Male) |
| 25:18 | Crear | Villager (Male) |
| 25:30 | Construir | Farm |
| 25:33 | Edad | Edad de los Castillos |
| 25:36 | Crear | Fire Lancer ×5 |
| 25:41 | Construir | Siege Workshop |
| 25:43 | Crear | Villager (Male) |
| 26:34 | Crear | Battering Ram |
Build order — maxymczech
Primeras 150 de 232 acciones detectadas
| 0:01 | Crear | Villager (Male) |
| 0:02 | Construir | House |
| 0:04 | Construir | House |
| 0:09 | Investigar | Loom |
| 0:09 | Crear | Villager (Male) ×3 |
| 2:08 | Crear | Villager (Male) ×2 |
| 2:09 | Crear | Villager (Male) ×2 |
| 2:27 | Crear | Villager (Male) |
| 2:28 | Crear | Villager (Male) |
| 2:40 | Construir | Lumber Camp |
| 3:02 | Crear | Villager (Male) ×2 |
| 3:02 | Crear | Villager (Male) ×2 |
| 3:18 | Construir | House |
| 3:31 | Crear | Villager (Male) |
| 3:31 | Crear | Villager (Male) |
| 4:08 | Construir | House |
| 4:11 | Crear | Villager (Male) |
| 5:04 | Construir | Palisade Wall |
| 5:07 | Crear | Villager (Male) |
| 5:07 | Crear | Villager (Male) |
| 5:11 | Construir | Palisade Wall |
| 5:11 | Construir | Palisade Wall |
| 5:12 | Construir | Palisade Wall |
| 5:20 | Construir | Palisade Wall |
| 5:31 | Crear | Villager (Male) |
| 5:40 | Construir | Mill |
| 5:52 | Crear | Villager (Male) |
| 6:14 | Crear | Villager (Male) ×3 |
| 6:14 | Crear | Villager (Male) ×3 |
| 6:39 | Crear | Villager (Male) |
| 6:42 | Construir | House |
| 7:21 | Crear | Villager (Male) |
| 7:46 | Construir | Barracks |
| 8:05 | Crear | Villager (Male) |
| 8:57 | Investigar | Feudal Age |
| 8:57 | Investigar | Feudal Age |
| 9:23 | Crear | Militia |
| 9:23 | Crear | Militia |
| 9:28 | Construir | House |
| 9:33 | Construir | Palisade Wall |
| 9:42 | Construir | Palisade Wall |
| 9:43 | Construir | Palisade Wall |
| 9:55 | Construir | Mining Camp |
| 9:59 | Crear | Militia |
| 10:38 | Crear | Villager (Male) |
| 10:42 | Construir | House |
| 10:43 | Construir | House |
| 10:47 | Construir | Palisade Wall |
| 11:07 | Edad | Edad Feudal |
| 11:07 | Investigar | Man-at-Arms (upgrade) |
| 11:07 | Investigar | Man-at-Arms (upgrade) |
| 11:13 | Construir | Palisade Wall |
| 11:18 | Construir | Palisade Wall |
| 11:20 | Construir | Palisade Wall |
| 11:21 | Construir | Palisade Wall |
| 11:25 | Crear | Spearman |
| 11:30 | Construir | Archery Range |
| 11:34 | Investigar | Double-Bit Axe |
| 11:34 | Investigar | Double-Bit Axe |
| 11:47 | Construir | Watch Tower |
| 12:17 | Crear | Villager (Male) |
| 12:17 | Crear | Villager (Male) |
| 12:26 | Construir | House |
| 12:41 | Crear | Villager (Male) |
| 12:41 | Crear | Villager (Male) |
| 12:47 | Crear | Archer |
| 12:47 | Crear | Archer |
| 13:23 | Crear | Villager (Male) |
| 13:33 | Crear | Archer |
| 13:46 | Construir | Blacksmith |
| 13:49 | Construir | Market |
| 13:58 | Crear | Archer |
| 14:24 | Investigar | Fletching |
| 14:25 | Investigar | Fletching |
| 14:26 | Crear | Villager (Male) |
| 14:26 | Crear | Villager (Male) |
| 14:36 | Construir | Watch Tower |
| 15:02 | Crear | Archer |
| 15:02 | Crear | Skirmisher |
| 15:03 | Crear | Villager (Male) |
| 15:42 | Crear | Villager (Male) |
| 15:45 | Crear | Archer |
| 16:18 | Construir | Mining Camp |
| 16:20 | Crear | Archer |
| 16:43 | Construir | Farm |
| 16:43 | Construir | Farm |
| 16:43 | Construir | Farm |
| 16:44 | Construir | Farm |
| 16:44 | Construir | Farm |
| 16:44 | Construir | Farm |
| 17:00 | Investigar | Padded Archer Armor |
| 17:00 | Investigar | Padded Archer Armor |
| 17:01 | Crear | Archer |
| 17:02 | Crear | Villager (Male) |
| 17:02 | Crear | Villager (Male) |
| 17:29 | Crear | Villager (Male) |
| 17:45 | Crear | Archer |
| 17:52 | Crear | Villager (Male) |
| 17:53 | Crear | Villager (Male) |
| 18:25 | Crear | Archer |
| 18:26 | Crear | Villager (Male) |
| 18:27 | Crear | Villager (Male) |
| 18:29 | Construir | House |
| 18:29 | Construir | House |
| 18:33 | Construir | Lumber Camp |
| 18:38 | Crear | Archer |
| 18:57 | Construir | Watch Tower |
| 19:07 | Construir | Lumber Camp |
| 19:19 | Crear | Villager (Male) |
| 19:20 | Crear | Archer |
| 19:20 | Crear | Archer |
| 19:39 | Crear | Villager (Male) |
| 19:40 | Crear | Archer |
| 19:41 | Crear | Skirmisher |
| 19:42 | Crear | Villager (Male) |
| 20:29 | Crear | Villager (Male) |
| 20:51 | Crear | Villager (Male) |
| 20:52 | Crear | Archer |
| 21:10 | Crear | Skirmisher |
| 21:17 | Crear | Villager (Male) |
| 21:20 | Construir | Farm |
| 21:22 | Construir | Farm |
| 21:28 | Construir | Watch Tower |
| 21:35 | Crear | Villager (Male) |
| 21:49 | Crear | Villager (Male) |
| 21:50 | Construir | Farm |
| 21:53 | Construir | Farm |
| 21:55 | Construir | Farm |
| 22:00 | Crear | Villager (Male) |
| 22:01 | Crear | Villager (Male) |
| 22:12 | Construir | House |
| 22:13 | Construir | House |
| 22:13 | Construir | House |
| 22:14 | Construir | House |
| 22:41 | Crear | Skirmisher |
| 23:05 | Crear | Skirmisher |
| 23:43 | Crear | Skirmisher |
| 23:57 | Investigar | Castle Age |
| 23:57 | Investigar | Castle Age |
| 23:59 | Crear | Skirmisher |
| 24:25 | Crear | Villager (Male) |
| 24:56 | Crear | Skirmisher |
| 24:56 | Crear | Skirmisher |
| 25:57 | Crear | Villager (Male) |
| 26:01 | Crear | Skirmisher |
| 26:02 | Crear | Skirmisher |
| 26:32 | Construir | Palisade Wall |
| 26:33 | Construir | Palisade Wall |
| 26:34 | Construir | Palisade Wall |
| 26:35 | Construir | Palisade Wall |
Cronología de la partida
| 5:04 | maxymczech · wall_segment Palisade Wall x1 |
| 5:05 | Hexi · wall_segment Palisade Wall x1 |
| 5:11 | maxymczech · wall_segment Palisade Wall x1 |
| 5:11 | maxymczech · wall_segment Palisade Wall x1 |
| 5:12 | maxymczech · wall_segment Palisade Wall x1 |
| 5:20 | maxymczech · wall_segment Palisade Wall x1 |
| 7:46 | maxymczech · first_building Barracks |
| 8:44 | Hexi · wall_segment Palisade Wall x1 |
| 8:46 | Hexi · wall_segment Palisade Wall x5 |
| 8:47 | Hexi · wall_segment Palisade Wall x5 |
| 9:33 | maxymczech · wall_segment Palisade Wall x3 |
| 9:42 | maxymczech · wall_segment Palisade Wall x2 |
| 9:43 | maxymczech · wall_segment Palisade Wall x1 |
| 10:37 | Hexi · first_building Barracks |
| 10:47 | maxymczech · wall_segment Palisade Wall x6 |
| 11:07 | maxymczech · age_up feudal |
| 11:08 | Hexi · age_up feudal |
| 11:13 | maxymczech · wall_segment Palisade Wall x1 |
| 11:18 | maxymczech · wall_segment Palisade Wall x2 |
| 11:20 | Hexi · first_building Archery Range |
| 11:20 | maxymczech · wall_segment Palisade Wall x2 |
| 11:21 | maxymczech · wall_segment Palisade Wall x2 |
| 11:30 | maxymczech · first_building Archery Range |
| 12:21 | Hexi · wall_segment Palisade Wall x1 |
| 12:22 | Hexi · wall_segment Palisade Wall x1 |
| 12:24 | Hexi · wall_segment Palisade Wall x2 |
| 12:51 | Hexi · wall_segment Palisade Wall x1 |
| 16:57 | maxymczech · first_market_sell 100 wood |
| 16:59 | maxymczech · first_market_buy 100 food |
| 21:58 | Hexi · first_market_buy 100 food |
| 22:02 | Hexi · first_market_sell 100 stone |
| 25:33 | Hexi · age_up castle |
| 25:41 | Hexi · first_building Siege Workshop |
| 26:32 | maxymczech · wall_segment Palisade Wall x1 |
| 26:33 | maxymczech · wall_segment Palisade Wall x1 |
| 26:34 | maxymczech · wall_segment Palisade Wall x1 |
| 26:35 | maxymczech · wall_segment Palisade Wall x1 |
| 26:37 | maxymczech · age_up castle |
| 27:10 | maxymczech · wall_segment Palisade Wall x1 |
| 30:09 | maxymczech · first_building Siege Workshop |
| 32:29 | maxymczech · first_building Castle |
| 35:19 | Hexi · resign |
[ ANÁLISIS IA · 1 CRÉDITO ]
¿Qué pasó realmente en esta partida?
Wolo.gg analiza cada decisión: build order, eco, micro, errores típicos por bracket. Análisis personalizado por WhatsApp o Discord en 30 segundos.
Guía civ
Coreanos
Perfil
Hexi